 Dungeon Crawl Stone Soup version 0.23-a0-489-g205b0b6 (webtiles) character file.

319 aurelian the Gusty (level 6, -2/34 HPs)
             Began as a Tengu Air Elementalist on Dec 2, 2018.
             Slain by an iguana (4 damage)
             ... on level 4 of the Dungeon.
             The game lasted 00:06:38 (4320 turns).

aurelian the Gusty (Tengu Air Elementalist)         Turns: 4320, Time: 00:06:39

Health: -2/34      AC:  3    Str:  8    XL:     6   Next: 45%
Magic:  4/11       EV: 13    Int: 17    God:
Gold:   163        SH:  0    Dex: 15    Spells: 1/11 levels left

rFire    . . .     SeeInvis .   b - +0 short sword (protect)
rCold    . . .     Gourm    .   (no shield)
rNeg     . . .     Faith    .   a - +1 robe
rPois    .         Spirit   .   (helmet restricted)
rElec    .         Reflect  .   (no cloak)
rCorr    .         Harm     .   (no gloves)
MR       .....                  (boots unavailable)
Stlth    ++........             (no amulet)
HPRegen  0.11/turn              (no ring)
MPRegen  0.12/turn              (no ring)

@: very slightly contaminated
A: beak, talons 3, able to fly 1
a: Fly


You were on level 4 of the Dungeon.
You were not hungry.

You visited 1 branch of the dungeon, and saw 4 of its levels.

You collected 163 gold pieces.

Inventory:

Hand Weapons
 b - a +0 short sword of protection (weapon)
   (You found it on level 2 of the Dungeon)
 j - a +0 dagger
   (You took it off a goblin on level 2 of the Dungeon)
Missiles
 g - 130 stones (quivered)
Armour
 a - a +1 robe (worn)
Scrolls
 d - 3 scrolls of teleportation {@r4}
 f - a scroll of remove curse {unknown}
 h - 4 scrolls of fear
 k - 2 scrolls of enchant weapon
 o - a scroll of immolation {!r}
Potions
 c - a potion of flight
 l - a potion of degeneration {!q}
 m - a potion of brilliance
 n - a potion of lignification {!q}
 p - a potion of berserk rage {unknown}
Comestibles
 e - 6 rations {!d}
 i - a chunk of flesh


   Skills:
 + Level 1.4 Fighting
 - Level 2.1 Dodging
 - Level 2.0 Stealth
 + Level 3.1 Spellcasting
 + Level 5.0 Conjurations
 + Level 6.4 Air Magic


You had one spell level left.
You knew the following spells:

 Your Spells              Type           Power        Failure   Level  Hunger
a - Shock                 Conj/Air       ###.         1%          1    None
b - Airstrike             Air            ###.......   12%         4    ####...
d - Static Discharge      Conj/Air       ###.....     4%          3    ###....
s - Swiftness             Chrm/Air       ##......     7%          2    ##.....

Your spell library contained the following spells:

 Spells                   Type           Power        Failure   Level  Hunger
 Lightning Bolt           Conj/Air       ###.......   41%         5    ######.


Dungeon Overview and Level Annotations

Branches:
Dungeon (4/15)
 Temple: D:4-7

Altars:
Ru
Wu Jian

Annotations:
D:4 Grinder


Innate Abilities, Weirdness & Mutations

You have a beak for a mouth.
You have claws for feet.
You can fly.


Message History

Found 22 stones.
An ooze comes into view.
Aim: an ooze (resting)
The zap hits the ooze.
Aim: an ooze (moderately wounded)
The zap hits the ooze.
You kill the ooze!
You can't see any susceptible monsters within range! (Use Z to cast anyway.)
You start resting.
Found a scroll labeled DORIHU LOTOSA.
g - 130 stones (gained 22)
f - a scroll labeled DORIHU LOTOSA
Found 11 gold pieces.
You now have 163 gold pieces (gained 11).
A quokka comes into view.
A quokka is nearby!
Aim: a quokka The zap misses the quokka.
Aim: a quokka The zap hits the quokka.
You kill the quokka!
You start resting.
You see here a quokka corpse.
You butcher the quokka corpse.
i - a chunk of flesh You see here a quokka skeleton.
An iguana comes into view.
The iguana hisses angrily.
Aim: an iguana The zap misses the iguana.
Aim: an iguana You miscast Shock.
You are very lightly contaminated with residual magic.
You hear a crackling sound.
The iguana closely misses you.
Aim: an iguana The zap misses the iguana.
The iguana closely misses you.
Aim: an iguana The zap hits the iguana.
The iguana misses you.
Aim: an iguana (moderately wounded)
The zap hits the iguana.
The iguana bites you!
Aim: an iguana (moderately wounded)
The zap hits the iguana.
The iguana bites you!
* * * LOW HITPOINT WARNING * * *
Aim: an iguana (heavily wounded)
The zap hits the iguana.
The iguana bites you!
* * * LOW HITPOINT WARNING * * *
Aim: an iguana (heavily wounded)
The zap hits the iguana.
The iguana appears unharmed.
The iguana bites you.
You die...

.#.#.###.......##
.........<.........
#....############## ....# #
..#.# # #.#.### ### #.#... ..
#l#.# # #.@.# # ##..# #
######## #...# #
#......####.#.###############
#...........#................
#......#############..#######
#...รท..# #..# #......# #.##
#......# #.#


You could see an iguana.

Vanquished Creatures
  A howler monkey (D:3)
  An orc priest (D:3)
  2 hounds (D:2)
  An orc wizard (D:3)
  4 adders (D:3)
  2 oozes
  An adder skeleton (D:4)
  2 worms (D:3)
  5 dart slugs
  7 leopard geckos
  2 orcs (D:3)
  5 giant cockroaches
  13 goblins
  6 hobgoblins
  7 jackals
  4 quokkas
  9 bats
  9 frilled lizards
  6 kobolds
  6 rats
93 creatures vanquished.

Notes
Turn   | Place    | Note
-------+----------+-------------------------------------------
     0 | D:1      | aurelian the Tengu Air Elementalist began the quest for the
                  | Orb.
     0 | D:1      | Reached XP level 1. HP: 10/10 MP: 4/4
   169 | D:1      | Reached XP level 2. HP: 15/15 MP: 3/6
   705 | D:1      | Reached XP level 3. HP: 13/19 MP: 2/7
  1443 | D:1      | Learned a level 3 spell: Static Discharge
  1724 | D:2      | Reached skill level 5 in Air Magic
  1907 | D:2      | Reached XP level 4. HP: 24/24 MP: 5/8
  2026 | D:2      | Found a sacrificial altar of Ru.
  2237 | D:2      | Learned a level 4 spell: Airstrike
  2429 | D:2      | Gained mutation: You can fly. [Tengu growth]
  2429 | D:2      | Reached XP level 5. HP: 28/28 MP: 2/10
  3140 | D:3      | Reached skill level 1 in Fighting
  3140 | D:3      | Reached skill level 6 in Air Magic
  3352 | D:3      | Reached XP level 6. HP: 34/34 MP: 9/11
  3371 | D:3      | Learned a level 2 spell: Swiftness
  3642 | D:3      | Reached skill level 5 in Conjurations
  4120 | D:4      | Noticed Grinder
  4191 | D:4      | Found an ornate altar of the Wu Jian Council.
  4320 | D:4      | Slain by an iguana

Vault maps used:
D:1:      wander_arrival_lonely_grave
D:2:      nicolae_ru_sacrificial_ziggurat
D:3:      first_ration
D:4:      cheibrodos_barr_body, nicolae_overflow_crystal_walls, serial_shops,
          shop, uniq_grinder

Skill      XL: |  1  2  3  4  5  6 |
---------------+-------------------+-----
Conjurations   | 2 3 4 5 |  5.0
Air Magic      | 5 6 |  6.4
Fighting       | 1 |  1.4
Spellcasting   | 3 |  3.1
Dodging        | |  2.1
Stealth        | |  2.0

Action                   |  1- 3 |  4- 6 || total
-------------------------+-------+-------++-------
Melee: Unarmed           |     2 |       ||     2
       Peck              |     1 |     1 ||     2
       Dagger            |       |     3 ||     3
       Kick              |       |     2 ||     2
 Cast: Shock             |    83 |   133 ||   216
       Static Discharge  |     1 |       ||     1
  Use: Scroll            |       |    10 ||    10
  Eat: Chunk             |     4 |     8 ||    12
Armor: Robe              |     2 |     3 ||     5
Dodge: Dodged            |     9 |    19 ||    28

Table legend:
 A = Non-vault XP
 B = Vault XP
 C = Vault XP percentage of total XP
 D = Non-vault monster count
 E = Vault monster count
 F = Vault count percentage of total count
                 A         B        C        D         E       F
            +---------+---------+-------+---------+---------+-------
      Total |     456 |       0 |   0.0 |      93 |       0 |   0.0
            +---------+---------+-------+---------+---------+-------
        D:1 |      57 |       0 |   0.0 |      29 |       0 |   0.0
        D:2 |     124 |       0 |   0.0 |      22 |       0 |   0.0
        D:3 |     253 |       0 |   0.0 |      36 |       0 |   0.0
        D:4 |      22 |       0 |   0.0 |       6 |       0 |   0.0
            +---------+---------+-------+---------+---------+-------
